 Dungeon Crawl Stone Soup version 0.21-a0-506-ga0ee87aef2 (console) character file.

2226 Gottschkopf the Grappler (level 9, 0/57 HPs)
             Began as a Black Draconian Transmuter on Nov 27, 2017.
             Was a Priest of Hepliaklqana.
             Slain by a wyvern (5 damage)
             ... on level 7 of the Dungeon.
             The game lasted 00:20:21 (6077 turns).

Gottschkopf the Grappler (DrTm)                     Turns: 6077, Time: 00:20:22

Health: 0/57       AC:  8    Str: 13    XL:     9   Next: 13%
Magic:  11/12      EV: 15    Int: 16    God:    Hepliaklqana [***...]
Gold:   407        SH:  0    Dex: 12    Spells: 6/12 levels left

rFire    . . .     SeeInvis .     - Unarmed
rCold    . . .     Gourm    .   (no shield)
rNeg     . . .     Faith    .   (armour unavailable)
rPois    .         Spirit   .   (helmet restricted)
rElec    +         Reflect  .   h - +0 cloak
rCorr    .         Harm     .   (no gloves)
MR       .....                  (no boots)
Stlth    ++........             (no amulet)
HPRegen  0.19/turn              G - ring of stealth
MPRegen  0.13/turn              (no ring)

@: no status effects
A: breathe lightning, unfitting armour, reduced essence, electricity resistance,
cold-blooded, AC +7
a: Breathe Lightning, Recall Ancestor, Ancestor Identity, Transference, Renounce
Religion


You were on level 7 of the Dungeon.
You worshipped Hepliaklqana.
Hepliaklqana was most pleased with you.
You were hungry.

You visited 2 branches of the dungeon, and saw 9 of its levels.

You collected 407 gold pieces.

Inventory:

Missiles
 a - 141 arrows (quivered)
Armour
 h - a +0 cloak (worn)
Jewellery
 G - a ring of stealth (left hand)
Wands
 x - a wand of disintegration (19)
 D - a wand of paralysis (8)
 E - a wand of iceblast (10)
Scrolls
 d - a scroll of enchant weapon {unknown}
 e - a scroll of magic mapping {unknown}
 j - a scroll of immolation {unknown}
 n - 2 scrolls of remove curse
 p - 2 scrolls of blinking {unknown}
 r - 2 scrolls of identify {unknown}
 v - a scroll of enchant armour {unknown}
 y - 2 scrolls of amnesia {unknown}
 A - a scroll of teleportation {unknown}
 C - a scroll of fear {unknown}
 F - 3 scrolls of fog {unknown}
Potions
 g - a potion of brilliance {unknown}
 i - 6 potions of curing {unknown}
 k - a potion of ambrosia {unknown}
 l - a potion of might {unknown}
 m - 3 potions of flight {unknown}
 q - a potion of degeneration {unknown}
 s - 2 potions of agility {unknown}
 u - 5 potions of lignification {unknown}
 z - a potion of resistance {unknown}
 B - a potion of mutation {unknown}
 H - a potion of cancellation {unknown}
Books
 b - a book of Changes

   Spells                             Type                      Level
   a - Beastly Appendage              Transmutation                1
   b - Sticks to Snakes               Transmutation                2
   c - Spider Form                    Transmutation/Poison         3
   d - Ice Form                       Ice/Transmutation            4
   e - Blade Hands                    Transmutation                5
 w - a book of Necromancy

   Spells                             Type                      Level
   a - Pain                           Necromancy                   1
   b - Animate Skeleton               Necromancy                   1
   c - Vampiric Draining              Necromancy                   3
   d - Regeneration                   Charms/Necromancy            3
   e - Animate Dead                   Necromancy                   4
   f - Control Undead                 Necromancy                   4
Comestibles
 c - 3 bread rations
 f - 4 royal jellies
 o - 9 fruits
 t - 4 meat rations


   Skills:
 - Level 1.1 Fighting
 + Level 5.9 Dodging
 - Level 10.1 Unarmed Combat
 - Level 2.0 Spellcasting
 - Level 3.8 Transmutations
 - Level 2.0 Poison Magic


You had 6 spell levels left.
You knew the following spells:

 Your Spells              Type           Power        Failure   Level  Hunger
a - Beastly Appendage     Tmut           ##....       4%          1    #......
b - Sticks to Snakes      Tmut           ##......     6%          2    ###....
c - Spider Form           Tmut/Pois      ##........   19%         3    ###....


Dungeon Overview and Level Annotations

Branches:
Dungeon (8/15)             Temple (1/1) D:6
   Lair: D:8-11

Altars:
Cheibriados
Dithmenos
Elyvilon
Gozag
Hepliaklqana
Kikubaaqudgha
Makhleb
Qazlal
Ru
Sif Muna
Trog
Uskayaw
Vehumet
Wu Jian
Yredelemnul
Zin
The Shining One


Innate Abilities, Weirdness & Mutations

You can breathe wild blasts of lightning.
Your glossy black scales are hard. (AC +7)
You cannot fit into any form of body armour.
You are resistant to electric shocks. (rElec)
You are cold-blooded and may be slowed by cold attacks.
Your life essence is reduced to manifest your ancestor. (-10% HP)


Message History

What are your orders? t - Shout!
Orders for allies: a - Attack new target. r - Retreat! s - Stop attacking. g - Guard the area. f - Follow me.
Anything else - Cancel.
Okay, then.
The wyvern barely misses you.
There is a stone staircase leading up here.
The wyvern bites you.
You climb upwards.
There is a stone staircase leading down here.
You closely miss the wyvern.
You tail-slap the wyvern, but do no damage.
The wyvern bites you.
* * * LOW HITPOINT WARNING * * *
You hit the wyvern but do no damage. The wyvern bites you!
* * * LOW HITPOINT WARNING * * *
The wyvern bites you.
You die...

############
#..........#
#.########.#
#.###### #.#
##### #......#
#.# #....
#.####.#
#.###.### #.#
#.# #.##...##
#l# #)#
#)#...>.. #@#
#.###.)......
#.#
#.....).[...#
#.#
########...##
#########.####
##.##
#..^.........#
###
#.###.###....#
#.# #.# ####.#
#.# #.# #.#
#.###.######.#


You could see a wyvern.

Vanquished Creatures
  Joseph (D:7)
  2 necrophages (D:7)
  2 ice beasts
  A centaur (D:8)
  5 wights (D:7)
  3 crimson imps
  A bullfrog zombie (D:7)
  3 orc priests
  4 hounds
  2 jellies (D:7)
  2 orc wizards
  2 iguanas (D:7)
  4 worker ants
  A hound skeleton (D:7)
  5 adders
  A shadow imp (D:5)
  An ooze (D:7)
  An adder skeleton (D:4)
  3 worms
  A dart slug (D:1)
  8 leopard geckos
  22 orcs
  5 giant cockroaches
  7 hobgoblins
  5 jackals (D:3)
  3 quokkas
  A ball python (D:1)
  11 bats
  3 frilled lizards
  5 goblins
  11 kobolds
  A leopard gecko skeleton (D:4)
  6 rats
133 creatures vanquished.

Vanquished Creatures (collateral kills)
  The ghost of Koleisus the Skirmisher, an amateur DrBe of Trog (D:4)
  A phantom (D:4)
  An ogre (D:4)
  A scorpion (D:6)
  A crimson imp (D:3)
  A bullfrog zombie (D:5)
  An orc priest (D:4)
  A hound (D:6)
  A worker ant zombie (D:6)
  An adder (D:6)
  5 orcs
  A bat (D:3)
  A goblin (D:2)
  2 hobgoblins (D:2)
  A jackal (D:3)
  A jackal skeleton (D:5)
21 creatures vanquished.

Vanquished Creatures (others)
  A hexer (D:8)
  2 ancestors (D:7)
3 creatures vanquished.

Grand Total: 157 creatures vanquished

Notes
Turn   | Place    | Note
-------+----------+-------------------------------------------
     0 | D:1      | Gottschkopf the Draconian Transmuter began the quest for the Orb.
     0 | D:1      | Reached XP level 1. HP: 16/16 MP: 3/3
     9 | D:1      | Noticed a swamp drake
     9 | D:1      | Noticed a water moccasin
     9 | D:1      | Noticed a polar bear
    64 | D:1      | Reached XP level 2. HP: 17/23 MP: 5/5
    68 | D:1      | Learned a level 2 spell: Sticks to Snakes
   374 | D:1      | Reached skill level 4 in Unarmed Combat
   628 | D:1      | Reached XP level 3. HP: 26/28 MP: 4/6
   636 | D:1      | Learned a level 3 spell: Spider Form
   879 | D:2      | Found a hazy altar of Hepliaklqana.
   897 | D:2      | Became a worshipper of Hepliaklqana the Forgotten
  1023 | D:2      | Reached skill level 1 in Poison Magic
  1386 | D:3      | Reached XP level 4. HP: 20/31 MP: 7/7
  2580 | D:3      | Reached XP level 5. HP: 27/36 MP: 8/8
  2691 | D:4      | Reached * piety under Hepliaklqana
  2743 | D:4      | Noticed Koleisus's ghost (amateur DrBe)
  2766 | D:4      | Killed Koleisus's ghost
  2766 | D:4      | Reached skill level 5 in Unarmed Combat
  2871 | D:4      | Noticed a phantom
  2902 | D:4      | Killed a phantom
  2902 | D:4      | Reached XP level 6. HP: 28/42 MP: 7/9
  2945 | D:4      | Reached skill level 6 in Unarmed Combat
  3313 | D:4      | Your scales start taking on a glossy black colour.
  3313 | D:4      | Reached XP level 7. HP: 37/46 MP: 10/10
  3313 | D:4      | Gained mutation: You are resistant to electric shocks. (rElec) [Black Draconian growth]
  3415 | D:5      | Entered Level 5 of the Dungeon
  3606 | D:5      | Reached skill level 7 in Unarmed Combat
  3753 | D:5      | Found a burning altar of Makhleb.
  3888 | D:5      | Reached ** piety under Hepliaklqana
  4317 | D:6      | Found an ornate altar of the Wu Jian Council.
  4400 | D:6      | Reached skill level 8 in Unarmed Combat
  4566 | D:6      | Found a staircase to the Ecumenical Temple.
  4574 | Temple   | Entered the Ecumenical Temple
  4734 | D:7      | Reached XP level 8. HP: 49/53 MP: 11/11
  4793 | D:7      | Reached skill level 9 in Unarmed Combat
  4884 | D:7      | Reached *** piety under Hepliaklqana
  5217 | D:7      | Reached skill level 10 in Unarmed Combat
  5460 | D:7      | Noticed Joseph
  5487 | D:7      | Killed Joseph
  5487 | D:7      | Reached skill level 5 in Dodging
  5487 | D:7      | Reached XP level 9. HP: 13/57 MP: 8/12
  5718 | D:7      | Remembered your ancestor Amenemopet as a hexer
  6077 | D:7      | Slain by a wyvern

Vault maps used:
D:1:      onia_arrival_zoo_common
D:2:      lemuel_crystal_altar
D:3:      first_bread
D:5:      kennysheep_little_box
D:6:      minmay_temple_entry_glassed_door, basic_altar
D:7:      uniq_joseph
D:8:      kennysheep_mini, grunt_livestock, kb_lookout_dungeons_type,
          hangedman_tree_tricks, uniq_grum
Temple:   minmay_freezing_vapour_temple

Skill      XL: |  1  2  3  4  5  6  7  8 |
---------------+-------------------------+-----
Unarmed Combat | 4 5 6 8 10 | 10.1
Poison Magic   | 2 |  2.0
Transmutations | 3 |  3.8
Dodging        | 5 |  5.9
Fighting       | |  1.1
Spellcasting   | |  2.0

Action                   |  1- 3 |  4- 6 |  7- 9 || total
-------------------------+-------+-------+-------++-------
Melee: Unarmed           |   145 |   181 |   226 ||   552
       Tailslap          |    12 |    19 |    20 ||    51
       Kick              |     6 |    12 |    11 ||    29
       Punch             |     2 |     5 |     9 ||    16
       Headbutt          |    10 |     7 |     8 ||    25
 Cast: Beastly Appendage |    23 |    14 |    18 ||    55
       Sticks to Snakes  |       |     3 |       ||     3
       Spider Form       |       |     1 |     4 ||     5
Invok: Ancestor Identity |     1 |       |       ||     1
       Ancestor Life: He |       |       |     1 ||     1
  Use: Scroll            |       |       |     1 ||     1
 Stab: Sleeping          |     1 |       |     3 ||     4
       Distracted        |       |       |     2 ||     2
  Eat: Chunk             |     2 |     4 |     8 ||    14
       Bread ration      |       |     1 |       ||     1
Armor: Skin              |    42 |    51 |    50 ||   143
Dodge: Dodged            |    80 |   105 |   110 ||   295

Table legend:
 A = Spawn XP
 B = Non-spawn XP
 C = Spawn XP percentage of total XP
 D = Spawn monster count
 E = Non-spawn monster count
 F = Spawn count percentage of total count
 G = Total turns spent on level
                    A         B        C        D         E        F      G
               +---------+---------+-------+---------+---------+-------+---------
         Total |       0 |    3180 |   0.0 |       0 |     154 |   0.0 |  6077
               +---------+---------+-------+---------+---------+-------+---------
           D:1 |       0 |      47 |   0.0 |       0 |      31 |   0.0 |   878
           D:2 |       0 |      40 |   0.0 |       0 |      15 |   0.0 |   463
           D:3 |       0 |     133 |   0.0 |       0 |      31 |   0.0 |  1325
           D:4 |       0 |     533 |   0.0 |       0 |      17 |   0.0 |   749
           D:5 |       0 |     188 |   0.0 |       0 |      13 |   0.0 |   781
           D:6 |       0 |     480 |   0.0 |       0 |      15 |   0.0 |   517
           D:7 |       0 |    1649 |   0.0 |       0 |      31 |   0.0 |  1341
           D:8 |       0 |     110 |   0.0 |       0 |       1 |   0.0 |    21
               +---------+---------+-------+---------+---------+-------+---------
